Map: Orbital Shipyard

Players

goreanddin

  • Race: Terran Terran
  • League: Diamond

LilDicky - Winner!

  • Race: Terran Terran
  • League: Diamond

VOD

http://www.twitch.tv/tumescentpie

Description

Time

  • Played on: Dec. 4, 2015, 9:32 a.m.
  • Length: 20:48
Show
View Real Time Build Order
Export as new Build Order

goreanddin Terran 

Build Orders: Reaper Expand, MMM Bio 

Get SALT Encoding   

  12  0:01  SCV  
  13  0:13  SCV  
  14  0:18  Supply Depot  
  14  0:25  SCV  
  15  0:40  SCV  
  15  0:42  Barracks  
  16  0:46  Refinery  
  16  0:52  SCV  
  17  1:06  SCV  
  18  1:18  SCV  
  19  1:31  Reaper, Orbital Command  
  20  1:44  Command Center  
  20  1:58  Supply Depot  
  20  2:06  Barracks Reactor  
  20  2:14  SCV  
  20  2:27  Factory  
  20  2:31  SCV  
  21  2:46  Command Center  
  21  2:47  Marine x2  
  23  2:52  SCV  
  23  2:58  Orbital Command  
  24  3:03  Refinery  
  24  3:05  SCV  
  25  3:12  Factory Tech Lab  
  25  3:17  Marine  
  25  3:18  Marine  
  27  3:22  SCV  
  28  3:27  SCV  
  28  3:32  Cyclone  
  32  3:35  Marine x2  
  32  3:39  SCV  
  32  3:40  SCV  
  36  3:45  Supply Depot  
  36  3:54  Marine x2  
  36  4:12  Siege Tank, Marine x2  
  41  4:17  Supply Depot  
  41  4:18  SCV  
  41  4:19  SCV  
  40  4:35  Orbital Command  
  40  4:42  Supply Depot  
  40  4:49  Siege Tank, Marine x2  
  45  4:56  Barracks  
  45  5:02  Barracks  
  45  5:04  Barracks  
  45  5:07  SCV x3  
  45  5:08  Starport  
  48  5:17  Marine  
  48  5:18  Marine  
  48  5:19  SCV  
  48  5:20  SCV x2  
  53  5:32  SCV x2  
  53  5:33  Engineering Bay  
  46  6:02  Missile Turret  
  42  6:06  Missile Turret  
  40  6:18  Barracks Tech Lab  
  40  6:20  Barracks Reactor  
  40  6:21  SCV x2  
  40  6:22  SCV  
  43  6:29  Siege Tank  
  46  6:33  SCV  
  47  6:44  Missile Turret  
  45  6:48  Stimpack  
  45  6:49  Viking  
  45  6:54  Marine x3  
  45  6:58  Marine x2  
  50  7:12  Marine x2  
  50  7:13  SCV x3, Missile Turret  
  50  7:15  Terran Infantry Weapons Level 1  
  55  7:16  Marine x3  
  58  7:23  Orbital Command  
  58  7:25  SCV  
  58  7:28  Missile Turret  
  48  7:54  Marine  
  48  7:55  Marine x2  
  48  7:56  Siege Tank, Marine  
  53  8:03  SCV x3  
  56  8:11  Marine  
  56  8:12  Marine  
  54  8:13  Marine x3  
  57  8:25  Missile Turret  
  57  8:31  SCV x2  
  57  8:33  SCV  
  60  8:34  Siege Tank  
  60  8:35  Starport Reactor, Marine x2  
  60  8:36  Marine x3  
  68  8:42  Barracks  
  68  8:43  SCV  
  68  8:44  Barracks  
  68  8:45  Command Center, Barracks  
  68  8:46  Refinery  
  70  8:48  SCV x2, Refinery  
  70  8:49  Combat Shields, Refinery  
  70  8:52  Marine  
  70  8:53  Marine  
  74  8:55  SCV  
  74  9:06  SCV x2  
  76  9:13  Supply Depot x2  
  76  9:20  Terran Infantry Armor Level 1  
  76  9:24  Medivac x2  
  80  9:26  Marine x5  
  85  9:35  SCV x3  
  88  9:41  Supply Depot  
  88  9:43  Supply Depot  
  88  9:44  Marine x5  
  93  9:47  SCV  
  93  9:49  Sensor Tower  
  93  9:51  SCV x2  
  96  9:53  Refinery  
  96  9:55  Barracks Reactor x2  
  96  9:58  Sensor Tower  
  96  9:59  SCV  
  97  10:00  Orbital Command  
  97  10:01  Marine  
  98  10:12  SCV x2  
  100  10:14  Supply Depot x2  
  100  10:17  SCV  
  101  10:23  Armory, Engineering Bay  
  101  10:29  Barracks Tech Lab  
  101  10:30  Barracks Tech Lab  
  101  10:33  SCV  
  101  10:34  SCV x3  
  105  10:45  Siege Tank  
  105  10:49  Factory, Marauder  
  112  10:50  Marauder x2  
  112  10:51  Barracks Tech Lab  
  112  10:52  Medivac x2  
  116  11:09  Marine x3  
  116  11:11  Marauder  
  121  11:17  Siege Tank  
  124  11:23  Marauder x3  
  124  11:24  Terran Infantry Weapons Level 2, Terran Infantry Armor Level 2  
  130  11:26  SCV x3  
  130  11:32  Marauder  
  135  11:36  Factory Tech Lab  
  135  11:40  Orbital Command  
  135  11:44  Supply Depot, Marauder  
  135  11:45  Supply Depot  
  135  11:50  Marauder  
  135  11:51  Marine x4, Marauder  
  135  11:53  Marauder  
  145  11:59  Medivac  
  147  12:05  Medivac  
  147  12:06  Marauder  
  151  12:09  Marine x2  
  151  12:10  Refinery  
  151  12:14  Refinery  
  153  12:17  Siege Tank  
  153  12:21  Missile Turret  
  153  12:22  Missile Turret  
  156  12:24  Marine  
  156  12:25  Marauder x2, Marine  
  156  12:28  Viking  
  164  12:32  Supply Depot  
  164  12:33  Supply Depot  
  163  13:07  Marine  
  163  13:11  Supply Depot  
  164  13:12  Supply Depot  
  164  13:14  Supply Depot x2  
  164  13:21  Terran Vehicle Weapons Level 1  
  164  13:34  Viking x2, Siege Tank  
  164  13:35  Siege Tank  
  164  13:36  Marauder x2  
  178  13:43  SCV x2  
  175  13:57  SCV  
  174  14:16  Supply Depot  
  174  14:18  Supply Depot  
  174  14:20  Supply Depot x2  
  174  14:30  Missile Turret  
  174  14:31  Missile Turret  
  174  14:32  Missile Turret  
  174  14:36  Missile Turret  
  174  14:37  Supply Depot, Missile Turret  
  174  14:42  Missile Turret x2  
  174  14:55  Missile Turret  
  174  14:59  Missile Turret  
  174  15:12  Marine  
  174  15:13  Marine  
  172  15:16  Marine  
  172  15:25  Missile Turret x2  
  172  15:26  Missile Turret  
  172  15:28  Marine  
  172  15:37  Missile Turret  
  172  15:38  Missile Turret  
  172  15:46  Command Center  
  172  15:58  Missile Turret  
  172  16:06  Command Center  
  172  16:07  Supply Depot, Missile Turret  
  172  16:08  Missile Turret x2, Marine  
  172  16:09  Supply Depot, Missile Turret  
  172  16:10  Missile Turret, Marine x3  
  172  16:11  Supply Depot  
  172  16:12  Supply Depot, Marine x2  
  172  16:13  Marine  
  172  16:29  Viking x2, Siege Tank, Marine  
  172  16:30  Marine  
  172  16:31  Siege Tank, Marauder x2  
  185  16:37  Command Center, Missile Turret  
  185  16:38  Missile Turret  
  185  16:39  Missile Turret  
  185  16:41  Missile Turret  
  182  16:53  Marauder, Marine  
  185  16:59  Viking x2  
  189  17:01  Siege Tank  
  185  17:19  Orbital Command  
  185  17:29  Viking x2  
  158  17:58  Marine x3  
  158  17:59  Viking x2, Marauder x2  
  158  18:00  Marauder x2  
  158  18:04  Siege Tank x2  
  179  18:23  Planetary Fortress  
  170  18:28  Starport  
  170  18:29  Viking x2  
  171  18:36  Siege Tank  
  169  18:41  Missile Turret x2  
  169  18:44  Missile Turret  
  169  18:56  Missile Turret  
  169  19:04  Orbital Command  
  169  19:12  Starport Tech Lab  
  169  19:13  Command Center  
  89  19:47  Marine x8  
  89  19:52  Siege Tank x2  
  64  19:57  Viking x2  
  64  19:58  Raven  
  64  20:04  Marine  
  64  20:05  Marauder x2, Marine x5  
  74  20:24  Marauder x2, Marine x2  
Show
View Real Time Build Order
Export as new Build Order

LilDicky Terran - Winner!

Build Orders: Banshee Rush 

Get SALT Encoding   

  12  0:01  SCV  
  13  0:14  SCV  
  13  0:18  Supply Depot  
  14  0:26  SCV  
  15  0:31  Refinery  
  15  0:40  SCV  
  16  0:45  Barracks  
  16  0:54  SCV  
  17  1:06  SCV  
  18  1:18  SCV  
  19  1:30  SCV  
  20  1:34  Reaper  
  20  1:37  Supply Depot  
  21  1:44  Orbital Command  
  21  1:56  Refinery  
  21  1:59  Factory  
  21  2:14  Reaper  
  21  2:16  SCV  
  22  2:28  SCV  
  23  2:32  Supply Depot  
  23  2:40  SCV  
  23  2:43  Hellion  
  26  2:48  Reaper  
  27  2:58  Command Center  
  27  2:59  Starport  
  27  3:00  SCV  
  27  3:04  Factory Tech Lab  
  28  3:17  SCV  
  29  3:20  Marine  
  30  3:29  SCV  
  30  3:31  Engineering Bay  
  31  3:41  SCV  
  32  3:53  SCV  
  33  3:59  Cloaking Field  
  33  4:01  Banshee  
  36  4:09  Marine  
  37  4:11  Widow Mine  
  37  4:14  Orbital Command  
  39  4:26  Command Center  
  37  4:41  Marine  
  37  4:44  Banshee  
  40  4:49  Factory Tech Lab  
  38  4:58  SCV x2  
  40  5:01  Refinery  
  40  5:02  Refinery  
  40  5:09  Siege Tank  
  40  5:10  SCV, Marine  
  40  5:11  SCV  
  46  5:22  SCV  
  46  5:27  Command Center  
  47  5:41  Siege Tank  
  50  5:53  Marine  
  51  6:04  Banshee  
  51  6:13  Siege Tank  
  54  6:22  SCV  
  54  6:23  SCV, Starport  
  54  6:25  Factory  
  56  6:31  Orbital Command  
  56  6:35  SCV x2  
  58  6:41  Refinery x2  
  58  6:42  Refinery  
  58  6:45  Siege Tank  
  58  6:47  SCV x2  
  62  6:52  Banshee  
  66  6:59  SCV  
  67  7:05  Orbital Command  
  64  7:09  SCV x2  
  64  7:11  SCV  
  64  7:14  Starport Reactor  
  67  7:15  Factory Tech Lab  
  67  7:18  Siege Tank  
  67  7:21  SCV  
  67  7:22  SCV  
  72  7:23  SCV, Marine  
  74  7:33  Missile Turret x2  
  74  7:34  SCV, Missile Turret x2  
  64  7:50  Siege Tank  
  61  7:54  SCV x3  
  61  7:55  SCV  
  65  7:59  Banshee, Viking x2  
  65  8:00  Siege Tank  
  75  8:06  SCV x2  
  75  8:07  SCV  
  75  8:12  Missile Turret  
  78  8:14  Missile Turret  
  78  8:16  Missile Turret  
  78  8:22  Siege Tank  
  78  8:30  SCV x4  
  82  8:35  Marine  
  83  8:42  Missile Turret  
  83  8:47  Banshee, Viking x2  
  90  8:49  Supply Depot  
  90  8:50  Supply Depot x2  
  90  8:55  Missile Turret  
  90  8:56  Missile Turret  
  90  8:57  Missile Turret  
  90  9:10  Siege Tank x2  
  90  9:11  Factory  
  90  9:14  Factory, Starport  
  90  9:16  SCV x2  
  98  9:20  Armory  
  98  9:21  Armory, Liberator x2  
  98  9:26  SCV x2  
  98  9:28  SCV x2  
  102  9:36  Banshee  
  102  9:38  SCV x2  
  113  9:40  SCV x2  
  113  9:45  Hi-Sec Auto Tracking  
  115  9:50  SCV  
  116  9:53  Command Center  
  116  9:56  Supply Depot  
  116  9:57  Supply Depot  
  116  9:58  Missile Turret  
  116  9:59  Missile Turret  
  116  10:00  Supply Depot, SCV x2  
  116  10:01  Supply Depot  
  116  10:04  Factory Tech Lab  
  116  10:06  Factory Reactor  
  116  10:07  Infernal Pre-Igniter  
  118  10:09  Starport Tech Lab  
  118  10:15  Armory  
  118  10:18  Fusion Core  
  118  10:21  Terran Vehicle Weapons Level 1  
  118  10:22  Terran Ship Weapons Level 1  
  118  10:23  SCV x2  
  120  10:31  Supply Depot  
  120  10:32  Supply Depot  
  120  10:40  Missile Turret  
  116  11:24  Planetary Fortress  
  116  11:25  Missile Turret  
  116  11:46  Sensor Tower  
  116  11:50  Hellion x2, Siege Tank x3  
  116  11:51  Banshee x2, Viking x2  
  137  11:55  Terran Vehicle And Ship Armor Level 1  
  137  11:57  Sensor Tower  
  137  12:16  SCV x3  
  137  12:20  Hellion  
  137  12:21  Command Center  
  137  12:22  Viking x2, Siege Tank x3  
  153  12:25  Command Center  
  153  12:28  SCV  
  156  12:34  Banshee, Viking  
  161  12:54  Siege Tank  
  164  13:05  Banshee  
  164  13:06  Viking x2  
  164  13:07  Terran Ship Weapons Level 2, Terran Vehicle Weapons Level 2  
  164  13:09  Hyperflight Rotors, Behemoth Reactor  
  164  13:11  Advanced Ballistics  
  171  13:18  Refinery  
  171  13:19  Refinery  
  171  13:35  Refinery  
  171  13:39  Refinery  
  168  13:42  Banshee  
  168  13:48  Banshee  
  167  14:08  Liberator x2  
  137  14:25  Banshee  
  137  14:29  Planetary Fortress  
  137  14:31  Banshee  
  146  14:39  Hellion x2, Siege Tank  
  146  14:40  Siege Tank  
  159  14:48  Command Center  
  159  14:50  Command Center  
  159  14:56  Hellion  
  159  14:58  Terran Vehicle And Ship Armor Level 2  
  158  15:01  Hellion  
  148  15:36  Banshee x2  
  148  15:39  Viking  
  148  15:40  Viking  
  158  15:45  Hellion x2, Siege Tank  
  158  15:46  Hellion x2  
  163  16:01  Factory  
  163  16:06  Hellion  
  163  16:07  Hellion, Siege Tank x2  
  163  16:09  Viking  
  175  16:13  Command Center  
  175  16:18  Hellion  
  177  16:28  Hellion x2  
  167  16:39  Hellion x3  
  173  16:49  Hellion x2  
  177  17:01  Hellion x3  
  166  17:11  Hellion x2  
  166  17:12  Banshee  
  172  17:19  Viking  
  172  17:23  Viking  
  172  17:24  Banshee  
  167  17:55  Banshee  
  161  18:01  Hellion x2  
  161  18:02  Hellion x4  
  156  18:34  Hellion  
  156  18:35  Hellion  
  156  18:36  Hellion x3  
  156  18:37  Hellion  
  148  18:55  Siege Tank  
  151  18:56  Siege Tank  
  151  18:57  Siege Tank  
  151  18:59  Command Center  
  151  19:01  Hellion  
  157  19:03  Hellion  
  157  19:04  Hellion  
  155  19:23  Hellion  
  152  19:24  Hellion  
  152  19:25  Hellion  
  152  19:27  Siege Tank  
  152  19:29  Hellion x2  
  152  19:44  Hellion  
  138  19:45  Hellion  
  118  20:15  Command Center  
  118  20:20  Command Center  
  118  20:34  Command Center  
Tags
 
Add a new tag
Caveats
  • Supply blocks, unpowered buildings, or Contaminate may cause inaccurate times.
  • Supply counts are checked every 10 seconds.